 Dungeon Crawl Stone Soup version 0.22.0-6-g71bd7aa (webtiles) character file.

80 Ijustatesigmund the Chopper (level 4, -10/40 HPs)
             Began as a Hill Orc Fighter on Aug 14, 2018.
             Mangled by an orc warrior
             ... wielding a +0 scimitar
              (15 damage)
             ... on level 3 of the Dungeon.
             The game lasted 00:03:45 (1557 turns).

Ijustatesigmund the Chopper (Hill Orc Fighter)      Turns: 1557, Time: 00:03:45

Health: -10/40     AC: 13    Str: 23    XL:     4   Next: 39%
Magic:  4/4        EV:  4    Int:  8    God:
Gold:   127        SH:  9    Dex: 11    Spells: 3/3 levels left

rFire    . . .     SeeInvis .   r - +2 hand axe (freeze)
rCold    . . .     Gourm    .   c - +0 shield
rNeg     . . .     Faith    .   b - +0 plate armour
rPois    .         Spirit   .   (no helmet)
rElec    .         Reflect  .   (no cloak)
rCorr    .         Harm     .   (no gloves)
MR       .....                  j - +1 pair of boots
Stlth    ..........             (no amulet)
HPRegen  0.13/turn              (no ring)
MPRegen  0.09/turn              (no ring)

@: mighty
A: no striking features
a: no special abilities


You were on level 3 of the Dungeon.
You were not hungry.

You visited 1 branch of the dungeon, and saw 3 of its levels.

You collected 127 gold pieces.

Inventory:

Hand Weapons
 a - a +0 war axe
 r - a +2 hand axe of freezing (weapon)
Missiles
 o - 2 throwing nets (quivered)
Armour
 b - a +0 plate armour (worn)
 c - a +0 shield (worn)
 j - a +1 pair of boots (worn)
Scrolls
 l - a scroll of amnesia
 m - a scroll of fear
 p - 3 scrolls of remove curse
Potions
 e - a potion of magic
 g - a potion of invisibility {unknown}
 h - a potion of lignification {unknown}
 i - 2 potions of heal wounds {unknown}
 k - a potion of ambrosia {unknown}
 q - 2 potions of curing {unknown}
Comestibles
 f - 2 rations


   Skills:
 + Level 3.6 Fighting
 + Level 6.0 Axes
 + Level 3.3 Armour
 - Level 3.2 Shields


You had 3 spell levels left.
You didn't know any spells.
Your spell library was empty.

Dungeon Overview and Level Annotations

Branches:
Dungeon (3/15)

Altars:
Yredelemnul


Message History

You hit the orc warrior. You freeze the orc warrior.
The orc warrior is moderately wounded.
The orc warrior hits you with a scimitar.
You are too injured to fight recklessly!
You are too injured to fight recklessly!
You are too injured to fight recklessly!
You feel very mighty all of a sudden. You block the orc warrior's attack.
You slash the orc warrior! You freeze the orc warrior.
The orc warrior is almost dead.
The orc warrior hits you with a scimitar!
* * * LOW HITPOINT WARNING * * *
An orc comes into view. It is wielding a hand axe.
You closely miss the orc warrior.
The orc warrior is almost dead.
The orc warrior hits you but does no damage.
You closely miss the orc warrior.
The orc warrior is almost dead.
The orc warrior hits you with a scimitar!
You die...

#........††# #.#
#..((((....# #.#
##..........# #..
#...........#
...(........#
)#####.###### ##
#.# # #.#
########....
##.######...@ooo.#
#.........########
###########


You could see an orc warrior and 2 orcs.

Vanquished Creatures
  An adder (D:2)
  An ooze (D:2)
  2 worms (D:2)
  4 dart slugs
  4 leopard geckos
  2 giant cockroaches
  A goblin (D:1)
  4 hobgoblins
  4 jackals (D:2)
  8 kobolds
  A quokka (D:2)
  A ball python (D:3)
  6 bats
  3 frilled lizards (D:1)
  5 rats
  A spectral orc (D:2)
48 creatures vanquished.

Notes
Turn   | Place    | Note
-------+----------+-------------------------------------------
     0 | D:1      | Ijustatesigmund the Hill Orc Fighter began the quest for the Orb.
     0 | D:1      | Reached XP level 1. HP: 19/19 MP: 1/1
    17 | D:1      | Reached skill level 3 in Axes
   221 | D:1      | Reached XP level 2. HP: 18/26 MP: 2/2
   353 | D:1      | Reached skill level 4 in Axes
   677 | D:1      | Reached XP level 3. HP: 30/31 MP: 3/3
   904 | D:2      | Reached skill level 5 in Axes
  1111 | D:2      | Reached XP level 4. HP: 39/39 MP: 4/4
  1333 | D:2      | Found a basalt altar of Yredelemnul.
  1498 | D:3      | Reached skill level 6 in Axes
  1546 | D:3      | Noticed an orc warrior
  1557 | D:3      | Mangled by an orc warrior

Skill      XL: |  1  2  3  4 |
---------------+-------------+-----
Axes           | 3 4 5 6 |  6.0
Fighting       | |  3.6
Armour         | |  3.3
Shields        | |  3.2

Action                   |  1- 3 |  4- 6 || total
-------------------------+-------+-------++-------
Melee: War axe           |    86 |       ||    86
       Hand axe          |    35 |    29 ||    64
  Use: Scroll            |     8 |       ||     8
       Potion            |       |     1 ||     1
  Eat: Chunk             |     1 |     1 ||     2
Armor: Scale mail        |    67 |     5 ||    72
       Plate armour      |       |     2 ||     2
Dodge: Dodged            |    50 |     3 ||    53
Block: Shield            |    63 |    14 ||    77
